 Dungeon Crawl Stone Soup version 0.29.0-10-g45618ea6d2 (webtiles) character file.

Game seed: 6246216740214580079

4 Tirrikindir the Shield-Bearer (level 1, -1/16 HPs)
             Began as an Octopode Fighter on Sept 1, 2022.
             Slain by a ball python (2 damage)
             ... on level 1 of the Dungeon.
             The game lasted 00:00:21 (33 turns).

Tirrikindir the Shield-Bearer (Octopode Fighter)      Turns: 33, Time: 00:00:21

Health: -1/16      AC:  1    Str: 15    XL:     1   Next: 60%
Magic:  1/1        EV: 13    Int: 10    God:
Gold:   0          SH:  4    Dex: 11    Spells: 0/0 levels left

rFire   . . .      SeeInvis .   a - +0 long sword
rCold   . . .      Faith    .   b - +0 buckler
rNeg    . . .      Spirit   .   (helmet restricted)
rPois   .          Reflect  .   (no amulet)
rElec   .          Harm     .   (no ring)
rCorr   .          Rampage  .   (no ring)
Will    .....                   (no ring)
Stlth   ++........              (no ring)
HPRegen 0.05/turn               (no ring)
MPRegen 0.07/turn               (no ring)
                                (no ring)
                                (no ring)

@: no status effects
A: almost no armour, amphibious, 8 rings, camouflage 1, gelatinous body 1,
(nimble swimmer 1), tentacles
a: no special abilities


You were on level 1 of the Dungeon.
You visited 1 branch of the dungeon, and saw 1 of its levels.

Inventory:

Hand Weapons
 a - a +0 long sword (weapon)
Armour
 b - a +0 buckler (worn)
Potions
 c - a potion of might


   Skills:
 + Level 3.0 Fighting
 * Level 2.1 Long Blades
 + Level 3.0 Dodging
 + Level 0.4 Stealth
 + Level 3.0 Shields


You couldn't memorise any spells.
You didn't know any spells.
Your spell library contained the following spells:

 Spells                   Type           Power      Damage    Failure   Level
 Necrotise                Necr           0%         1d4       45%         1
 Vampiric Draining        Necr           0%         2d6       83%         3
 Agony                    Necr           0%         N/A       100%        5


Dungeon Overview and Level Annotations

Branches:
Dungeon (1/15)

Altars:


Innate Abilities, Weirdness & Mutations

You cannot wear most types of armour.
You are amphibious.
You can wear up to eight rings at the same time.
Your skin changes colour to match your surroundings (Stealth+).
Your rubbery body absorbs attacks. (AC +1, EV +1)
((You are camouflaged when in or above water. (Stealth+)))
You have tentacles for arms and can constrict up to eight enemies at once.


Message History

You constrict the plant.
You release your grip on the plant.
A hobgoblin comes into view.
Found a potion of might.
A nearby plant withers and dies.
Found 11 gold pieces and a scroll labelled TUTIANW GAB CAA.
You see here a book of Necromancy.
You pick up a book of Necromancy and begin reading...
You add the spells Necrotise, Vampiric Draining and Agony to your library.
A nearby plant withers and dies.
The hobgoblin shouts!
You hit the dart slug. You grab the dart slug.
The dart slug is moderately wounded.
You constrict the dart slug. The hobgoblin barely misses you.
You block the dart slug's attack. The hobgoblin hits you.
You hit the hobgoblin. Your grab misses the hobgoblin.
The hobgoblin is moderately wounded.
You constrict the dart slug. The dart slug launches a dart at you.
The slug dart misses you. The hobgoblin hits you.
You hit the dart slug.
You kill the dart slug!
The hobgoblin hits you.
You hit the hobgoblin. Your grab misses the hobgoblin.
The hobgoblin is heavily wounded.
The hobgoblin hits you. You block the hobgoblin's attack.
You closely miss the hobgoblin. Your grab misses the hobgoblin.
Your squeeze misses the hobgoblin.
The hobgoblin is heavily wounded.
The hobgoblin hits you.
You hit the hobgoblin but do no damage. You grab the hobgoblin.
The hobgoblin is heavily wounded.
You constrict the hobgoblin. The hobgoblin hits you.
* * * LOW HITPOINT WARNING * * *
You hit the hobgoblin but do no damage. You squeeze the hobgoblin.
You kill the hobgoblin!
You start resting.
A ball python comes into view.
You barely miss the ball python. Your grab misses the ball python.
The ball python bites you.
You die...

.#######+#
..........
#.......#####
#..$...?....#
#......S....#
#...@....#
####(.......##
#...............
#...........####
#...........#
.####.........###
..!................
.....P#~#......P#~#
#...P##~##....P##~##


You could see a ball python.

Vanquished Creatures
  A dart slug (D:1)
  A hobgoblin (D:1)
2 creatures vanquished.

Vanquished Creatures (others)
  2 plants (D:1)
2 creatures vanquished.

Grand Total: 4 creatures vanquished

Notes
Turn   | Place    | Note
-------+----------+-------------------------------------------
     0 | D:1      | Tirrikindir the Octopode Fighter began the quest for the
                  | Orb.
     0 | D:1      | Reached XP level 1. HP: 16/16 MP: 1/1
    33 | D:1      | Slain by a ball python

Illustrated notes

Levels and vault maps discovered:
D:1:      eino_arrival_water_cross, layout_basic, ebering_ecumenical_altar_hall,
          minmay_door_square

Action                   || total
-------------------------++-------
Melee: Long sword        ||    10
       Constrict         ||     4
       Tentacles         ||     2
Dodge: Dodged            ||     2
Block: Buckler           ||     2
